 Dungeon Crawl Stone Soup version 0.31-a0-1321-g5021b54cb2 (webtiles) character file.

Game seed: 1120397970056811222

2 bmb222 the Sneak (level 1, -9/18 HPs)
             Began as a Formicid Delver on Dec 20, 2023.
             Killed from afar by a white imp (11 damage)
             ... with a puff of frost
             ... on level 5 of the Dungeon.
             The game lasted 00:00:30 (132 turns).

bmb222 the Sneak (Formicid Delver)                   Turns: 132, Time: 00:00:30

Health: -9/18      AC:  3    Str: 16    XL:     1   Next: 33%
Magic:  1/1        EV: 12    Int:  9    God:
Gold:   10         SH:  0    Dex: 15    Spells: 0/0 levels left

rFire   . . .        a - +0 hand axe
rCold   . . .        (no shield)
rNeg    . . .        b - +0 leather armour
rPois   .            (helmet unavailable)
rElec   .            (no cloak)
rCorr   .            (no gloves)
SInv    +            (no boots)
Will    .....        (no amulet)
Stlth   +++          (no ring)
HPRegen 0.23/turn    (no ring)
MPRegen 0.07/turn

%: no passive effects
@: no status effects
A: permanent stasis, dig shafts and tunnels, antennae 3, four strong arms
a: Dig, Shaft Self


You were on level 5 of the Dungeon.
You visited 1 branch of the dungeon, and saw 1 of its levels.

You collected 10 gold pieces.

Inventory:

Hand Weapons
 a - a +0 hand axe (weapon)
Armour
 b - a +0 leather armour (worn)
Wands
 f - a wand of digging (3)
Scrolls
 d - a scroll of revelation
 e - a scroll of fear
Potions
 g - a potion of curing {unknown}


   Skills:
 + Level 3.3 Fighting
 * Level 2.1 Axes
 + Level 0.1 Armour
 - Level 1.7 Dodging
 - Level 6.0 Stealth


You couldn't memorise any spells.
You didn't know any spells.
Your spell library was empty.

Dungeon Overview and Level Annotations

Branches:
Dungeon (5/15)
 Temple: D:4-7

Altars:


Innate Abilities, Weirdness & Mutations

You cannot be hasted, slowed, berserked, paralysed or teleported.
You can dig through walls and to a lower floor.
You have a pair of large antennae on your head. (SInv)
Your four strong arms can wield two-handed weapons with a shield.


Message History

You sense a monster nearby.
A jelly comes into view.
You sense a monster nearby.
An orc comes into view. It is wielding a +0 club.
The orc shouts!
You hear a shout!
The orc barely misses you.
You barely miss the orc. The orc hits you with a +0 club.
You hit the orc but do no damage. The orc hits you but does no damage.
You hit the orc.
The orc is heavily wounded.
The orc completely misses you.
You hit the orc but do no damage.
The orc is heavily wounded.
The orc barely misses you.
You completely miss the orc.
The orc is heavily wounded.
The orc hits you with a +0 club.
* * * LOW HITPOINT WARNING * * *
The orc hits you with a +0 club.
* * * LOW HITPOINT WARNING * * *
You hit the orc.
You kill the orc!
Things that are here:
a +0 club; a +0 ring mail Unknown command.
Things that are here:
a +0 club; a +0 ring mail You start resting.
A white imp comes into view.
The white imp shouts, "Scamper home, thou pribbling spleeny surfacer!"
You hear a shout!
The white imp gestures at you. The puff of frost hits you!
Ouch! That really hurt!
* * * LOW HITPOINT WARNING * * *
As you read the scroll of fog, it dissolves into smoke.
The white imp gestures at you. The puff of frost hits you!
Ouch! That really hurt!
You die...

#####.# #.# ## #....#.#
#.# ##.##.#. #.#####.##
##...#..# ##........
##...<....###.........
###.......##.#.##.###..#
......§..§.##.###.# #...
#..§§§§.#....##.# #.##
##..§@§##.##.##.# #.#
##§§§###.# ....# #.#
##.## #.. ###.# #.## #.#
##.# # #... # #######.##
.# #### #. .........# .#
#.# #######5.####.###
###### {
#.#####..............
......
#..).5..###..###.##
######


You could see a white imp.

Vanquished Creatures
  An orc (D:5)
1 creature vanquished.

Notes
Turn   | Place    | Note
-------+----------+-------------------------------------------
     0 | D:5      | bmb222 the Formicid Delver began the quest for the Orb.
     0 | D:5      | Reached XP level 1. HP: 18/18 MP: 1/1
     3 | D:5      | Noticed a scorpion
    72 | D:5      | Noticed a jelly
   132 | D:5      | Killed from afar by a white imp

Illustrated notes

Levels and vault maps discovered:
D:5:      layout_loops_ring

Action                     || total
---------------------------++-------
  Melee: Hand axe          ||     6
    Use: Scroll            ||     1
 Armour: Leather armour    ||     6
  Dodge: Dodged            ||     3

Table legend: (Time is in decaauts)
 A = Elapsed time spent in this place.
 B = Non-inter-level travel time spent in this place.
 C = Inter-level travel time spent in this place.
 D = Time resting spent in this place.
 E = Time spent auto-exploring this place.
 F = Levels seen in this place.
 G = Mean time per level.
                   A        B        C        D        E       F      G
               +--------+--------+--------+--------+--------+-----+--------+
         Total |    133 |    133 |      0 |      5 |     45 |   1 |  133.0 |
       Dungeon |    133 |    133 |      0 |      5 |     45 |   1 |  133.0 |
               +--------+--------+--------+--------+--------+-----+--------+

Top non-repeatable levels by time:
     D:5: 133 daAuts
